 Dungeon Crawl Stone Soup version 0.30-a0-591-g3c58d2bc28 (webtiles) character file.

Game seed: 10829241902098681359

1013 OTABOTABOTAB the Insei (level 8, -10/48 HPs)
             Began as an Octopode Transmuter on Jan 5, 2023.
             Mangled by a troll (11 damage)
             ... on level 6 of the Dungeon.
             The game lasted 00:15:35 (6444 turns).

OTABOTABOTAB the Insei (Octopode Transmuter)        Turns: 6444, Time: 00:15:36

Health: -10/48     AC:  2    Str: 10    XL:     8   Next: 21%
Magic:  7/11       EV: 19    Int: 23    God:
Gold:   32         SH:  0    Dex: 17    Spells: 1/11 levels left

rFire   + . .      SeeInvis .      - Unarmed
rCold   . . .      Faith    .    (shield currently unavailable)
rNeg    . . .      Spirit   .    (helmet currently unavailable)
rPois   x          Reflect  .    u - amulet of the acrobat
rElec   .          Harm     .    F - ring of protection from fire {rF+, !d}
rCorr   .          Rampage  .    I - +6 ring of intelligence
Will    +....                    W - ring of willpower
Stlth   ++                       (no ring)
HPRegen 0.28/turn                (no ring)
MPRegen 0.12/turn                (no ring)
                                 (no ring)
                                 (no ring)

@: spider-form (expiring), wereblooded
A: venomous fangs, almost no armour, (amphibious), 8 rings, tiny, (camouflage
1), (gelatinous body 1), (nimble swimmer 1), (tentacles)
a: End Transformation


You were on level 6 of the Dungeon.
You were a venomous arachnid creature.
You visited 2 branches of the dungeon, and saw 7 of its levels.

You collected 764 gold pieces.
You spent 732 gold pieces at shops.

Inventory:

Hand Weapons
 r - a +2 flail of venom (melded)
   (You took it off an orc on level 3 of the Dungeon)
Missiles
 d - 5 boomerangs
 k - 3 datura-tipped darts
 n - 3 poisoned darts
 s - 19 stones
Magical Staves
 b - a staff of poison {rPois}
   (You found it on level 1 of the Dungeon)
 t - a staff of air {rElec}
   (You found it on level 3 of the Dungeon)
Jewellery
 f - an amulet of magic regeneration
   (You found it on level 1 of the Dungeon)
 u - an amulet of the acrobat (around neck)
   (You found it on level 3 of the Dungeon)
 F - a ring of protection from fire (left front leg) {rF+, !d}
   (You found it on level 2 of the Dungeon)
 I - a +6 ring of intelligence (right front leg)
   (You bought it in a shop on level 3 of the Dungeon)
 W - a ring of willpower (on tentacle)
   (You bought it in a shop on level 3 of the Dungeon)
Wands
 i - a wand of iceblast (9)
   (You found it on level 5 of the Dungeon)
 p - a wand of paralysis (25)
   (You found it on level 3 of the Dungeon)
Scrolls
 a - a scroll of poison {!r}
 l - a scroll of amnesia
 q - a scroll of butterflies
 D - a scroll of blinking {!r}
Potions
 c - a potion of heal wounds {unknown}
 e - a potion of might {unknown}
 h - a potion of attraction {unknown}
 H - a potion of haste
 J - 2 potions of curing {@q1}
 L - 2 potions of flight
 P - a potion of lignification {!q}
 R - a potion of resistance
 U - a potion of mutation {!q}


   Skills:
 - Level 1.0 Fighting
 - Level 2.0 Dodging
 + Level 6.1 Unarmed Combat
 - Level 2.0 Spellcasting
 + Level 5.7 Transmutations
 + Level 4.3 Ice Magic
 - Level 3.0 Poison Magic


You had one spell level left.
You knew the following spells:

 Your Spells              Type           Power      Damage    Failure   Level
a - Beastly Appendage     Tmut           56%        N/A       6%          1
b - Wereblood             Tmut           28%        N/A       8%          2
c - Spider Form           Tmut/Pois      22%        N/A       17%         3
d - Ice Form              Ice/Tmut       25%        N/A       34%         4

Your spell library contained the following spells:

 Spells                   Type           Power      Damage    Failure   Level
 Apportation              Tloc           4%         N/A       30%         1
 Poisonous Vapours        Pois/Air       18%        N/A       26%         2
 Cigotuvi's Dreadful Rot  Necr/Pois/Air  12%        N/A       30%         2
 Scorch                   Fire           4%         2d5       38%         2
 Mephitic Cloud           Conj/Pois/Air  6%         N/A       47%         3
 Blade Hands              Tmut           14%        N/A       56%         5
 Portal Projectile        Hex/Tloc       4%         N/A       58%         3
 Tukima's Dance           Hex            2%         N/A       58%         3
 Alistair's Intoxication  Tmut/Pois      14%        N/A       73%         5
 Flame Wave               Conj/Fire      2%         2d4       90%         4
 Summon Cactus Giant      Summ           1%         N/A       100%        6


Dungeon Overview and Level Annotations

Branches:
Dungeon (6/15)             Temple (1/1) D:4

Altars:
Ashenzari
Dithmenos
Elyvilon
Fedhas
Hepliaklqana
Makhleb
Okawaru
Qazlal
Ru
Sif Muna
Trog
Uskayaw
Vehumet
Wu Jian
Xom
Yredelemnul
Zin
The Shining One

Shops:
D:3 =


Innate Abilities, Weirdness & Mutations

You are a venomous arachnid creature.
You have poisonous fangs.
You are tiny and dextrous.
Your spellcasting is less reliable in this form.
Your armour is entirely melded.
You are incapable of wielding weapons or throwing items.
You cannot wear most types of armour.
((You are amphibious.))
You can wear up to eight rings at the same time.
((Your skin changes colour to match your surroundings (Stealth+).))
((Your rubbery body absorbs attacks. (AC +1, EV +1)))
((You are camouflaged when in or above water. (Stealth+)))
((You have tentacles for arms and can constrict up to eight enemies at once.))


Message History

You climb downwards.
There is a stone staircase leading up here.
(D) Dungeon (T) Temple
Where to? (Enter - D:4, ? - help)
There is an open door here.
There is a stone staircase leading down here.
You climb downwards.
There is a stone staircase leading up here.
Done exploring.
Done exploring.
Done exploring.
(D) Dungeon (T) Temple
Where to? (Enter - D:5, ? - help)
There is a stone staircase leading down here.
You climb downwards.
There is a stone staircase leading up here.
An ice beast comes into view.
The spell is quite dangerous to miscast (17% risk of failure)!
Continue anyway?
You turn into a creature of crystalline ice.
Your +2 flail of venom melds into your body.
Your +2 flail of venom stops dripping with poison.
You now have 57/57 hp.
The ice beast hits you but does no damage.
Unknown command.
You punch the ice beast! You hit the ice beast but do no damage.
The ice beast barely misses you.
You hit the ice beast.
The ice beast hits you but does no damage.
You barely miss the ice beast.
The ice beast hits you but does no damage.
You barely miss the ice beast. The ice beast closely misses you.
You barely miss the ice beast.
The ice beast hits you but does no damage.
Unknown command.
You barely miss the ice beast.
The ice beast hits you but does no damage.
You hit the ice beast.
The ice beast hits you but does no damage.
You barely miss the ice beast. You hit the ice beast. The ice beast hits you.
The ice beast freezes you. You resist.
You take 6 damage, and have 51/57 hp.
You barely miss the ice beast. The ice beast hits you.
The ice beast freezes you. You resist.
You take 2 damage, and have 49/57 hp.
You punch the ice beast!
You kill the ice beast!
Your Unarmed Combat skill increases to level 6!
Unknown command.
No target in view!
You warm up again.
Your +2 flail of venom unmelds from your body.
Your +2 flail of venom begins to drip with poison!
You now have 42/48 hp.
You open the door.
Found a hide-covered altar of Uskayaw.
Health restored: 48; MP restored: 11
There is an open door here.
There is an open door here.
Found a stone staircase leading down.
A troll comes into view.
The troll shouts!
The spell is quite dangerous to miscast (16% risk of failure)!
Continue anyway?
Okay, then.
You turn into a venomous arachnid creature.
Your +2 flail of venom melds into your body.
Your +2 flail of venom stops dripping with poison.
A centaur comes into view.
You now have 8/11 mp.
Your blood is infused with primal strength.
You now have 6/11 mp.
The centaur shouts!
You bite the troll!
The troll is poisoned.
The troll bites you but does no damage. The troll closely misses you.
The troll claws you!
You take 11 damage, and have 37/48 hp.
MASSIVE DAMAGE!!
You barely miss the troll. The troll bites you!! The troll closely misses you.
The troll completely misses you.
You take 17 damage, and have 20/48 hp.
MASSIVE DAMAGE!!
You hit the troll.
The troll looks as sick as possible!
The troll barely misses you. x3
You hit the troll but do no damage. The troll barely misses you.
The troll claws you. The troll completely misses you.
You take 1 damage, and have 19/48 hp.
You completely miss the troll. You barely miss the troll.
Your transformation is almost over.
The troll misses you. The troll closely misses you. The troll claws you.
You take 1 damage, and have 18/48 hp.
You hit the troll but do no damage.
The troll looks as sick as possible!
The troll barely misses you. The troll misses you. The troll claws you.
You take 2 damage, and have 16/48 hp.
You barely miss the troll. The troll bites you.
* * * LOW HITPOINT WARNING * * *
The troll claws you!
* * * LOW HITPOINT WARNING * * *
The troll claws you!
You die...

. .. ... ... #..
#.##..########
#....cTs.....#
############.#
#.......#.#
#########.#####.#.#
#.......#.......#.#
#.###........#....#
#.# #.#.####.#.####
#.# #.#.###..#.#
#.# #.#...#..#.#


You could see a troll (extremely poisoned) and a centaur.

Vanquished Creatures
  2 ice beasts
  A black bear (D:5)
  An ogre (D:4)
  3 phantoms
  2 scorpions
  A howler monkey (D:3)
  A hound (D:4)
  A jelly (D:4)
  An iguana (D:4)
  An orc wizard (D:3)
  3 gnolls (D:2)
  6 adders
  4 dart slugs
  11 orcs
  3 bats
  9 endoplasms
  4 giant cockroaches
  3 goblins
  3 hobgoblins
  9 jackals
  5 kobolds
  5 quokkas
  8 ball pythons
  5 rats
92 creatures vanquished.

Vanquished Creatures (others)
  2 plants (D:3)
2 creatures vanquished.

Grand Total: 94 creatures vanquished

Notes
Turn   | Place    | Note
-------+----------+-------------------------------------------
     0 | D:1      | OTABOTABOTAB the Octopode Transmuter began the quest for
                  | the Orb.
     0 | D:1      | Reached XP level 1. HP: 13/13 MP: 3/3
   183 | D:1      | Reached skill level 1 in Poison Magic
   183 | D:1      | Reached XP level 2. HP: 15/18 MP: 3/5
   545 | D:1      | Learned a level 2 spell: Wereblood
   622 | D:1      | Reached XP level 3. HP: 20/23 MP: 4/6
   786 | D:1      | Learned a level 3 spell: Spider Form
  1082 | D:2      | Reached skill level 2 in Poison Magic
  1084 | D:2      | Reached XP level 4. HP: 19/28 MP: 5/7
  1088 | D:2      | Reached skill level 3 in Transmutations
  1089 | D:2      | OTABOTABOTAB: Wereblood so good
  1089 | D:2      | OTABOTABOTAB: +slay and +health on kill
  1089 | D:2      | OTABOTABOTAB: but loud
  1455 | D:2      | Found a faded altar of an unknown god.
  1744 | D:3      | Found an iron altar of Okawaru.
  1788 | D:3      | Found Ybbeeho's Jewellery Shop.
  2087 | D:3      | Reached skill level 4 in Unarmed Combat
  2087 | D:3      | Reached skill level 3 in Poison Magic
  2087 | D:3      | Reached XP level 5. HP: 26/33 MP: 8/8
  2801 | D:4      | Reached skill level 1 in Ice Magic
  2889 | D:4      | Noticed a phantom
  2918 | D:4      | HP: 7/33 [phantom (5)]
  2922 | D:4      | Killed a phantom
  2923 | D:4      | Reached skill level 4 in Transmutations
  2923 | D:4      | Reached XP level 6. HP: 18/38 MP: 9/9
  3068 | D:4      | Reached skill level 2 in Ice Magic
  3528 | D:4      | Found a bloodstained altar of Trog.
  3533 | D:4      | Found a shimmering altar of Xom.
  3612 | D:4      | Reached XP level 7. HP: 37/43 MP: 10/10
  3915 | D:4      | Reached skill level 5 in Unarmed Combat
  4063 | D:4      | Reached skill level 3 in Ice Magic
  4252 | D:4      | Found a staircase to the Ecumenical Temple.
  4260 | Temple   | Entered the Ecumenical Temple
  4639 | D:4      | Learned a level 4 spell: Ice Form
  4743 | D:4      | Trevise: Noice
  4743 | D:4      | Trevise: Have any rings yet?
  4743 | D:4      | OTABOTABOTAB: shitty ones
  4799 | D:5      | Entered Level 5 of the Dungeon
  4864 | D:5      | Reached skill level 5 in Transmutations
  5258 | D:5      | Reached XP level 8. HP: 39/48 MP: 8/11
  5468 | D:5      | Reached skill level 4 in Ice Magic
  6166 | D:5      | Identified a scroll of acquirement
  6166 | D:5      | Acquired 514 gold pieces
  6228 | D:3      | Bought a ring of willpower for 300 gold pieces
  6228 | D:3      | Bought a +6 ring of intelligence for 432 gold pieces
  6360 | D:6      | Reached skill level 6 in Unarmed Combat
  6382 | D:6      | Found a hide-covered altar of Uskayaw.
  6431 | D:6      | Noticed a troll
  6444 | D:6      | HP: 10/48 [troll (6)]
  6444 | D:6      | HP: 1/48 [troll (9)]
  6444 | D:6      | Mangled by a troll

Illustrated notes

Levels and vault maps discovered:
D:1:      dpeg_arrival_circle_labyrinth_a, layout_basic, minmay_three_crescents
D:2:      layout_basic, hellmonk_ecumenical_altar_arch_garden,
          kennysheep_generic_room_4
D:3:      layout_basic, lemuel_tele_altar, serial_forest,
          infiniplex_forest_end_2, infiniplex_forest_lined_3,
          infiniplex_forest_straight_3, infiniplex_forest_clump_C,
          infiniplex_forest_split, infiniplex_forest_lined_corner,
          infiniplex_forest_end_1, infiniplex_forest_straight_5,
          infiniplex_forest_end_2, serial_shops, shop, minmay_unequal
D:4:      layout_loops_corners, minitemple, minmay_temple_entry_statues_pillars
D:5:      layout_layer_cave, minivault_23, minmay_misc_feat_encased
D:6:      layout_basic, mainiacjoe_overflow_surrounded_room, uniq_edmund,
          uniq_blork_the_orc
Temple:   eino_narrow_crystal_temple

Skill      XL: |  1  2  3  4  5  6  7  8 |
---------------+-------------------------+-----
Poison Magic   | 1 2 3 |  3.0
Transmutations | 3 4 5 |  5.7
Unarmed Combat | 4 5 6 |  6.1
Ice Magic      | 1 2 3 4 |  4.3
Fighting       | |  1.0
Dodging        | |  2.0
Spellcasting   | |  2.0

Action                   |  1- 3 |  4- 6 |  7- 9 || total
-------------------------+-------+-------+-------++-------
Melee: Unarmed           |    63 |    85 |    74 ||   222
       Constrict         |    14 |    14 |     1 ||    29
       Tentacles         |    12 |    10 |     1 ||    23
       Kick              |    17 |    14 |       ||    31
       Flail             |       |    31 |     2 ||    33
       Punch             |       |     1 |       ||     1
Throw: Stone             |     8 |     2 |       ||    10
 Cast: Beastly Appendage |    21 |    20 |       ||    41
       Wereblood         |     1 |     1 |     1 ||     3
       Spider Form       |       |     7 |     9 ||    16
       Ice Form          |       |       |     6 ||     6
 Abil: End Transformatio |    16 |    23 |    14 ||    53
  Use: Scroll            |       |     3 |    12 ||    15
       Potion            |       |     1 |       ||     1
 Stab: Sleeping          |       |     2 |       ||     2
Armor: Skin              |     3 |     1 |    16 ||    20
Dodge: Dodged            |    37 |    76 |    41 ||   154

Table legend: (Time is in decaauts)
 A = Elapsed time spent in this place.
 B = Non-inter-level travel time spent in this place.
 C = Inter-level travel time spent in this place.
 D = Time resting spent in this place.
 E = Time spent auto-exploring this place.
 F = Levels seen in this place.
 G = Mean time per level.
                   A        B        C        D        E       F      G
               +--------+--------+--------+--------+--------+-----+--------+
         Total |   6437 |   6129 |    308 |    643 |   4520 |   7 |  919.6 |
       Dungeon |   6227 |   5932 |    295 |    643 |   4333 |   6 | 1037.8 |
        Temple |    209 |    196 |     13 |      0 |    187 |   1 |  209.0 |
               +--------+--------+--------+--------+--------+-----+--------+

Top non-repeatable levels by time:
     D:4: 1877 daAuts
     D:5: 1385 daAuts
     D:3: 1105 daAuts
     D:1: 1021 daAuts
     D:2: 702 daAuts
  Temple: 209 daAuts
     D:6: 134 daAuts

Table legend:
 A = Kills in this place as a percentage of kills in entire the game.
 B = Kills by you in this place as a percentage of kills by you in the entire game.
 C = Kills by friends in this place as a percentage of kills by friends in the entire game.
 D = Other kills in this place as a percentage of other kills in the entire game.
 E = Experience gained in this place as a percentage of experience gained in the entire game.
 F = Experience gained in this place divided by the number of levels of this place that you have seen.
                   A       B       C       D       E      F
               +-------+-------+-------+-------+-------+----------------------
         Total | 100.0 | 100.0 |   N/A |   N/A | 100.0 | 206.9
       Dungeon | 100.0 | 100.0 |   N/A |   N/A | 100.0 | 241.3
               +-------+-------+-------+-------+-------+----------------------
